 Dungeon Crawl Stone Soup version 0.30-a0-322-g102857c98e (webtiles) character file.

Game seed: 16769025958226791707

311 lunkers the Cutter (level 7, -3/49 (59) HPs)
             Began as a Meteoran Reaver on Oct 27, 2022.
             Slain by a lemure (4 damage)
             ... led by Pikel
             ... on level 4 of the Dungeon.
             The game lasted 00:04:33 (1561 turns).

lunkers the Cutter (Meteoran Reaver)                Turns: 1561, Time: 00:04:33

HP:   -3/49 (59)    AC:  4    Str: 13    XL:     7   Next: 2%
MP:   12/12         EV: 13    Int: 15    God:
Gold: 96            SH:  0    Dex: 15    Spells: 10/11 levels left

rFire   . . .      SeeInvis .    a - +0 short sword
rCold   . . .      Faith    .    (no shield)
rNeg    . . .      Spirit   .    b - +0 leather armour
rPois   .          Reflect  .    f - +0 helmet
rElec   .          Harm     .    (no cloak)
rCorr   .          Rampage  .    (no gloves)
Will    .....                    (no boots)
Stlth   +.........               (no amulet)
HPRegen 0.28/turn                (no ring)
MPRegen 0.13/turn                (no ring)

@: glowing, heavily drained
A: sense surroundings 1, otherworldly, glowing, explore regen
a: no special abilities


You were on level 4 of the Dungeon.
You visited 1 branch of the dungeon, and saw 4 of its levels.

You collected 96 gold pieces.

Inventory:

Hand Weapons
 a - a +0 short sword (weapon)
 d - a +0 long sword
Missiles
 g - 3 curare-tipped darts
Armour
 b - a +0 leather armour (worn)
 f - a +0 helmet (worn)
Scrolls
 c - a scroll of identify
 e - a scroll of poison {unknown}
 h - a scroll of blinking {unknown}
 i - a scroll of enchant armour {unknown}
 k - a scroll of fog {unknown}
 l - a scroll of magic mapping {unknown}
 m - a scroll of vulnerability {unknown}
Potions
 j - 2 potions of curing
 n - a potion of haste


   Skills:
 + Level 4.0 Fighting
 - Level 6.0 Short Blades
 + Level 4.3 Dodging
 - Level 2.6 Spellcasting
 - Level 3.6 Conjurations


You had 10 spell levels left.
You knew the following spells:

 Your Spells              Type           Power      Damage    Failure   Level
p - Kiss of Death         Conj/Necr      28%        2d7       13%         1

Your spell library contained the following spells:

 Spells                   Type           Power      Damage    Failure   Level
 Momentum Strike          Conj/Tloc      14%        3d8       19%         2
 Scorch                   Fire           4%         2d5       36%         2
 Hailstorm                Conj/Ice       7%         3d4       36%         3
 Flame Wave               Conj/Fire      7%         2d5       77%         4
 Summon Cactus Giant      Summ           1%         N/A       100%        6


Dungeon Overview and Level Annotations

Branches:
Dungeon (4/15) Zot: 938
 Temple: D:4-7

Altars:
Dithmenos


Innate Abilities, Weirdness & Mutations

You passively map a small area around you.
You are easily found by Zot.
You glow in the dark.
You regain HP and MP as you explore.


Message History

* * * LOW HITPOINT WARNING * * *
You hit the lemure but do no damage.
The lemure is severely wounded.
You hit the lemure but do no damage.
The lemure is severely wounded.
The lemure barely misses you.
Casting: Kiss of Death (safe; 13% risk of failure)
Confirm with . or Enter, or press ? or * to list all spells.
You can't see any susceptible monsters within range! (Use Z to cast anyway.) Unknown command.
You aren't carrying any items that you can evoke.
Unknown command.
You barely miss the lemure.
The lemure is severely wounded.
The lemure hits you.
* * * LOW HITPOINT WARNING * * *
Okay, then.
You closely miss the lemure.
The lemure is severely wounded.
You hit the lemure.
The lemure is severely wounded.
The lemure hits you.
* * * LOW HITPOINT WARNING * * *
You hit the lemure.
The lemure is almost dead.
The lemure hits you.
* * * LOW HITPOINT WARNING * * *
You hit the lemure but do no damage.
The lemure is almost dead.
You hit the lemure.
The lemure is almost dead.
The lemure misses you.
You hit the lemure.
The lemure is almost dead.
The lemure hits you.
* * * LOW HITPOINT WARNING * * *
You closely miss the lemure.
The lemure is almost dead.
The lemure hits you.
You die...

### ### * # * ####.# #.# #.
###...##### #.# , * #.
#>...####.# #.##
#..###..###.## #..#
#..####..5@..## #..#
#...#....#....### #..##
#.......#.......### #..##
#.....##..........#####....
#.....##..............##....
#........................... *
.................##..........
.............#....###....(....
#............##...# ##........


You could see a lemure.

Vanquished Creatures
  A black bear (D:4)
  A scorpion (D:3)
  A hound (D:4)
  A jelly (D:4)
  A gnoll (D:1)
  An adder (D:3)
  A worm (D:2)
  4 dart slugs
  5 orcs
  4 ball pythons
  5 bats
  8 endoplasms
  4 giant cockroaches
  4 goblins
  5 hobgoblins
  2 jackals (D:3)
  3 kobolds
  6 quokkas
  2 frilled lizards
  4 rats (D:2)
63 creatures vanquished.

Notes
Turn   | Place    | Note
-------+----------+-------------------------------------------
     0 | D:1      | lunkers the Meteoran Reaver began the quest for the Orb.
     0 | D:1      | Reached XP level 1. HP: 17/17 MP: 5/5
    86 | D:1      | Reached XP level 2. HP: 19/24 MP: 6/6
   120 | D:1      | Reached skill level 4 in Short Blades
   180 | D:1      | Reached XP level 3. HP: 11/27 MP: 6/8
   428 | D:2      | Found a shadowy altar of Dithmenos.
   535 | D:2      | Reached XP level 4. HP: 26/34 MP: 9/9
   572 | D:2      | Reached skill level 5 in Short Blades
   676 | D:3      | Noticed a scorpion
   692 | D:3      | Killed a scorpion
   693 | D:3      | Reached skill level 6 in Short Blades
   693 | D:3      | Reached XP level 5. HP: 20/34 MP: 7/10
  1291 | D:4      | Reached XP level 6. HP: 35/50 MP: 11/11
  1328 | D:4      | Noticed a black bear
  1346 | D:4      | Killed a black bear
  1398 | D:4      | Reached XP level 7. HP: 36/49 MP: 12/12
  1557 | D:4      | HP: 2/49 [lemure[Pikel] (3)]
  1561 | D:4      | Slain by a lemure

Illustrated notes

Levels and vault maps discovered:
D:1:      co_arrival_random_square_maze, layout_loops_ring,
          hellmonk_ecumenical_altar_lost_god, hangedman_decor_growths
D:2:      layout_rooms, basic_altar
D:3:      layout_loops_ring, minmay_surrounded
D:4:      layout_layer_cave, uniq_pikel

Skill      XL: |  1  2  3  4  5  6 |
---------------+-------------------+-----
Short Blades   | 4 6 |  6.0
Dodging        | 3 4 |  4.3
Fighting       | 3 4 |  4.0
Spellcasting   | |  2.6
Conjurations   | |  3.6

Action                   |  1- 3 |  4- 6 |  7- 9 || total
-------------------------+-------+-------+-------++-------
Melee: Short sword       |   162 |   192 |    32 ||   386
       Punch             |     2 |     1 |     1 ||     4
 Cast: Kiss of Death     |     1 |     6 |       ||     7
  Use: Scroll            |       |     1 |     1 ||     2
Armor: Leather armour    |    69 |    50 |     3 ||   122
Dodge: Dodged            |    80 |    77 |     4 ||   161

Table legend: (Time is in decaauts)
 A = Elapsed time spent in this place.
 B = Non-inter-level travel time spent in this place.
 C = Inter-level travel time spent in this place.
 D = Time resting spent in this place.
 E = Time spent auto-exploring this place.
 F = Levels seen in this place.
 G = Mean time per level.
                   A        B        C        D        E       F      G
               +--------+--------+--------+--------+--------+-----+--------+
         Total |   1460 |   1419 |     41 |      0 |    876 |   4 |  365.0 |
       Dungeon |   1460 |   1419 |     41 |      0 |    876 |   4 |  365.0 |
               +--------+--------+--------+--------+--------+-----+--------+

Top non-repeatable levels by time:
     D:3: 577 daAuts
     D:2: 352 daAuts
     D:1: 271 daAuts
     D:4: 259 daAuts
